 Dungeon Crawl Stone Soup version 0.27-a0-1302-g7736ffe575 (webtiles) character file.

Game seed: 12118441197676688369

35 Ijustatesigmund the Skirmisher (level 3, -2/29 HPs)
             Began as a Demonspawn Fighter on June 18, 2021.
             Slain by an adder (3 damage)
             ... on level 2 of the Dungeon.
             The game lasted 00:01:27 (921 turns).

Ijustatesigmund the Skirmisher (Demonspawn Fighter)  Turns: 921, Time: 00:01:28

Health: -2/29      AC:  8    Str: 16    XL:     3   Next: 17%
Magic:  3/3        EV:  6    Int:  9    God:
Gold:   60         SH:  8    Dex: 13    Spells: 2/2 levels left

rFire    . . .     SeeInvis .   a - +0 war axe
rCold    . . .     Faith    .   c - +0 kite shield
rNeg     . . .     Spirit   .   b - +0 scale mail
rPois    .         Reflect  .   (no helmet)
rElec    .         Harm     .   (no cloak)
rCorr    .         Rampage  .   (no gloves)
Will     .....                  (no boots)
Stlth    ..........             (no amulet)
HPRegen  0.09/turn              (no ring)
MPRegen  0.08/turn              (no ring)

@: lethally poisoned (-2 -> -5)
A: slimy green scales 1, foul stench 1
a: no special abilities


You were on level 2 of the Dungeon.
You visited 1 branch of the dungeon, and saw 2 of its levels.

You collected 60 gold pieces.

Inventory:

Hand Weapons
 a - a +0 war axe (weapon)
Missiles
 h - 8 atropa-tipped darts (quivered)
Armour
 b - a +0 scale mail (worn)
 c - a +0 kite shield (worn)
Scrolls
 e - a scroll of identify
Potions
 d - a potion of might
 f - 2 potions of haste


   Skills:
 + Level 3.4 Fighting
 * Level 2.9 Axes
 - Level 2.6 Armour
 - Level 2.6 Shields


You had 2 spell levels left.
You didn't know any spells.
Your spell library was empty.

Dungeon Overview and Level Annotations

Branches:
Dungeon (2/15)

Altars:

Shops:
D:1 [


Innate Abilities, Weirdness & Mutations

You are partially covered in slimy green scales. (AC +2)
You may rarely emit foul miasma when damaged in melee.


Message History

You hit the adder.
The adder is heavily wounded.
The adder bites you but does no damage. The adder bites you.
You closely miss the adder.
The adder is heavily wounded.
You block the adder's attack. The adder bites you but does no damage.
You closely miss the adder.
The adder is heavily wounded.
The adder bites you but does no damage. x2
You miss the adder.
The adder is heavily wounded.
The adder closely misses you. You block the adder's attack.
You closely miss the adder.
The adder is heavily wounded.
The adder bites you.
You are poisoned.
The adder poisons you! The adder bites you.
You are lethally poisoned!
The adder poisons you!
Okay, then.
You hit the adder but do no damage.
The adder is heavily wounded.
* * * LOW HITPOINT WARNING * * *
You feel very sick. The adder bites you but does no damage.
The adder barely misses you.
You closely miss the adder.
The adder is heavily wounded.
* * * LOW HITPOINT WARNING * * *
You feel very sick.
The adder bites you but does no damage. x2
You barely miss the adder.
The adder is heavily wounded.
* * * LOW HITPOINT WARNING * * *
You feel sick. You block the adder's attack.
The adder bites you but does no damage.
You barely miss the adder.
The adder is heavily wounded.
* * * LOW HITPOINT WARNING * * *
You feel sick. The adder bites you.
You die...

#. .. #.#..# # ...
#.#... .# ....##.#..##
..+ ............ ...#
............... .....
##.........##...##.....#
.+..............@S.....#
.......#.##...##.....#
##............##......
###.........#...........
........................
#<..........†..........
###..####..#..#.##.#.# .
.##..####..#..#.# .# #
.##.............# #


You could see an adder.

Vanquished Creatures
  3 dart slugs
  A ball python (D:1)
  4 bats
  2 endoplasms
  5 goblins
  3 hobgoblins
  3 kobolds (D:1)
  2 quokkas (D:2)
  A rat (D:1)
24 creatures vanquished.

Notes
Turn   | Place    | Note
-------+----------+-------------------------------------------
     0 | D:1      | Ijustatesigmund the Demonspawn Fighter began the quest for
                  | the Orb.
     0 | D:1      | Reached XP level 1. HP: 18/18 MP: 1/1
    30 | D:1      | Found a faded altar of an unknown god.
    58 | D:1      | Gained mutation: You are partially covered in slimy green
                  | scales. (AC +2) [demonic ancestry]
    58 | D:1      | Reached XP level 2. HP: 22/24 MP: 2/2
   317 | D:1      | Found Qeuxuoq's Armour Shop.
   674 | D:2      | Gained mutation: You may rarely emit foul miasma when
                  | damaged in melee. [demonic ancestry]
   674 | D:2      | Reached XP level 3. HP: 29/29 MP: 3/3
   921 | D:2      | HP: 1/29 [poisoned by an adder]
   921 | D:2      | Slain by an adder

Illustrated notes

Levels and vault maps discovered:
D:1:      erik_arrival_orb_chamber, layout_rooms,
          hellmonk_ecumenical_altar_arch_garden, serial_shops,
          nicolae_shop_stone
D:2:      layout_basic, serial_glass, glass_columns_b, glass_columns_b,
          uniq_robin

Skill      XL: |  1 |
---------------+----+-----
Axes           | 2 |  2.9
Fighting       | |  3.4
Armour         | |  2.6
Shields        | |  2.6

Action                   || total
-------------------------++-------
Melee: War axe           ||    77
  Use: Scroll            ||     3
Armor: Scale mail        ||    43
Dodge: Dodged            ||    31
Block: Kite shield       ||    41

Table legend: (Time is in decaauts)
 A = Elapsed time spent in this place.
 B = Non-inter-level travel time spent in this place.
 C = Inter-level travel time spent in this place.
 D = Time resting spent in this place.
 E = Time spent auto-exploring this place.
 F = Levels seen in this place.
 G = Mean time per level.
                   A        B        C        D        E       F      G
               +--------+--------+--------+--------+--------+-----+--------+
         Total |    967 |    947 |     20 |    125 |    612 |   2 |  483.5 |
       Dungeon |    967 |    947 |     20 |    125 |    612 |   2 |  483.5 |
               +--------+--------+--------+--------+--------+-----+--------+

Top non-repeatable levels by time:
     D:1: 632 daAuts
     D:2: 335 daAuts
